 Dungeon Crawl Stone Soup version 0.26.0-91-g99b343417d (webtiles) character file.

Game seed: 7637697561472640086

1201 jlumianski the Chopper (level 8, -11/71 HPs)
             Began as a Palentonga Fighter on Feb 3, 2021.
             Was a Follower of Okawaru.
             Mangled by an orc warrior
             ... wielding a +0 flail
              (23 damage)
             ... on level 6 of the Dungeon.
             The game lasted 00:26:10 (9026 turns).

jlumianski the Chopper (Palentonga Fighter)         Turns: 9026, Time: 00:26:11

Health: -11/71     AC: 16    Str: 22    XL:     8   Next: 21%
Magic:  6/8        EV: 11    Int:  8    God:    Okawaru [*.....]
Gold:   398        SH: 11    Dex: 10    Spells: 7/7 levels left

rFire    + . .     SeeInvis +   n - +6 hand axe (vorpal)
rCold    . . .     Faith    .   c - +0 kite shield
rNeg     . . .     Spirit   .   y - +1 scale mail {Will+}
rPois    .         Reflect  .   (no helmet)
rElec    .         Harm     .   (no cloak)
rCorr    .         Rampage  .   (no gloves)
Will     +....                  (no barding)
Stlth    ++........             (no amulet)
HPRegen  0.21/turn              (no ring)
MPRegen  0.11/turn              (no ring)

@: heroism, curled up
A: large, stinger 1, rugged brown scales 3, see invisible, deformed body, fire
resistance 1, wild magic 1, roll 2, armoured tail, reflexive curl
a: Rolling Charge, Renounce Religion, Heroism


You were on level 6 of the Dungeon.
You worshipped Okawaru.
Okawaru was aware of your devotion.
You visited 2 branches of the dungeon, and saw 8 of its levels.

You collected 398 gold pieces.

Inventory:

Hand Weapons
 a - a +0 war axe
 d - a +2 falchion of holy wrath
 e - a +1 flail of venom
 n - a +6 vorpal hand axe (weapon)
 s - a +3 hand axe
 w - a +1 spear of freezing
Missiles
 f - 174 stones
 i - 3 throwing nets
 o - 36 poisoned darts (quivered)
 p - 5 boomerangs
Armour
 b - a +0 scale mail
 c - a +0 kite shield (worn)
 u - a +0 chain mail
 y - a +1 scale mail of willpower (worn)
Magical Staves
 g - an uncursed staff of conjuration {unknown}
Jewellery
 j - a cursed ring of teleportation
Wands
 l - a wand of polymorph (4)
 A - a wand of iceblast (8)
Scrolls
 h - a scroll of teleportation {unknown}
 k - 5 scrolls of remove curse
 m - 5 scrolls of identify
 t - a scroll of amnesia {unknown}
 v - a scroll of immolation {unknown}
 x - a scroll of fear {unknown}
 C - a scroll of blinking {unknown}
 D - a scroll of magic mapping {unknown}
Potions
 q - 2 potions of might
 z - a potion of heal wounds
 B - 2 potions of flight


   Skills:
 + Level 4.4(9.4) Fighting
 + Level 6.1(11.1) Axes
 + Level 4.3(9.3) Armour
 + Level 2.4(7.4) Dodging
 + Level 1.2(6.2) Stealth
 + Level 3.8(8.8) Shields
 * Level 1.0 Invocations
 * Level 0.7 Evocations


You had 7 spell levels left.
You didn't know any spells.
Your spell library contained the following spells:

 Spells                   Type           Power        Failure   Level
 Corona                   Hex            0%           78%         1
 Ensorcelled Hibernation  Hex/Ice        0%           88%         2
 Confusing Touch          Hex            0%           98%         3
 Dazzling Flash           Conj/Hex       0%           98%         3
 Tukima's Dance           Hex            0%           98%         3


Dungeon Overview and Level Annotations

Branches:
Dungeon (7/15)             Temple (1/1) D:4

Altars:
Fedhas
Gozag
Hepliaklqana
Kikubaaqudgha
Makhleb
Nemelex Xobeh
Okawaru
Qazlal
Trog
Uskayaw
Vehumet
Xom
Zin
The Shining One

Annotations:
D:3 1 runed translucent door, Gadfly's ghost, amateur OgGl


Innate Abilities, Weirdness & Mutations

You are completely covered in rugged brown scales. (AC +3, +7% HP)
You have supernaturally acute eyesight. (SInv)
Armour fits poorly on your strangely shaped body.
You can roll at foes to attack.
You have a long armoured tail.
You curl defensively after being hit.
Your tail ends in a poisonous barb.
Your flesh is heat resistant. (rF+)
Your spells are a little harder to cast, but a little more powerful.


Message History

* * * LOW HITPOINT WARNING * * *
The phantom blinks!
You slash the orc warrior!
You kill the orc warrior!
Okawaru accepts your kill.
You hit the orc warrior.
The orc warrior hits you but does no damage.
The phantom blinks!
Your Invocations skill increases to level 1!
You hit the orc warrior but do no damage.
The orc warrior is moderately wounded.
The phantom blinks!
The orc warrior hits you but does no damage.
You hit the orc warrior but do no damage.
Your tail-slap misses the orc warrior.
The orc warrior is moderately wounded.
You hit the orc warrior.
The orc warrior is heavily wounded.
The orc warrior hits you with a +0 flail!!
You die...

#####......#..###.....
##..#######.#.......#.#
#....# #.#.#####.#.#
.... ####†)..+
#.#.......#.#
..###..##..##
#.......###.#
..##.)..'#'##
#####...###.#
..##....##...##
#........#
#.###..##...W.##
#####..... .#
#.###'##/...)@?#
#.......##
.###.##..##?..8o.(#
##.###.#.#
.....#....#).....$#
#..#.#.#.#
)....'....##§....##
#.##.#.#.#
.....##..#+##...##
#.##.#.#.# ......####
###+ #....#.#.#
....#...# #....#.#.#
....#.#.# #.####.#.#
....#.#.## #......#.#


You could see a phantom and an orc warrior.

Vanquished Creatures
  2 orc warriors
  An ogre (D:5)
  A centaur (D:6)
  A bullfrog (D:6)
  A scorpion (D:6)
  A hound (D:3)
  6 orc wizards
  A gnoll shaman (D:3)
  3 orc priests
  An iguana (D:6)
  2 worker ants
  A hound skeleton (D:4)
  A worker ant zombie (D:7)
  4 adders
  8 gnolls
  2 shadow imps
  A white imp (D:6)
  4 ufetubi
  3 worms
  A dart slug (D:2)
  4 leopard geckos
  41 orcs
  A ball python (D:1)
  6 giant cockroaches
  9 goblins
  9 hobgoblins
  7 jackals
  A quokka (D:3)
  7 bats
  5 frilled lizards
  5 kobolds
  9 rats
149 creatures vanquished.

Notes
Turn   | Place    | Note
-------+----------+-------------------------------------------
     0 | D:1      | jlumianski the Palentonga Fighter began the quest for the
                  | Orb.
     0 | D:1      | Reached XP level 1. HP: 20/20 MP: 1/1
    76 | D:1      | Reached XP level 2. HP: 25/27 MP: 2/2
   324 | D:1      | Reached XP level 3. HP: 33/33 MP: 3/3
   435 | D:1      | Found a sparkling altar of Nemelex Xobeh.
  2191 | D:2      | Reached XP level 4. HP: 38/38 MP: 4/4
  2264 | D:3      | Reached skill level 3 in Axes
  2637 | D:3      | Found a stormy altar of Qazlal.
  2784 | D:3      | Found a runed translucent door.
  2806 | D:3      | Noticed Gadfly's ghost (amateur OgGl)
  2877 | D:3      | HP: 1/40 [gnoll (3)]
  2904 | D:3      | HP: 2/40 [giant cockroach (2)]
  3204 | D:2      | Reached skill level 1 in Dodging
  3204 | D:2      | Reached XP level 5. HP: 23/49 MP: 5/5
  4268 | D:3      | Found a faded altar of an unknown god.
  4567 | D:4      | Reached skill level 4 in Axes
  4567 | D:4      | Reached XP level 6. HP: 52/55 MP: 6/6
  4580 | D:4      | Found a staircase to the Ecumenical Temple.
  4591 | Temple   | Entered the Ecumenical Temple
  4613 | Temple   | Became a worshipper of Warmaster Okawaru
  4645 | D:5      | Entered Level 5 of the Dungeon
  5031 | D:3      | HP: 2/55 [orc/+1 flail of venom (5)]
  5618 | D:4      | Reached skill level 5 in Axes
  5885 | D:4      | Found a hide-covered altar of Uskayaw.
  6382 | D:5      | Gained mutation: You curl defensively after being hit.
                  | [Palentonga growth]
  6382 | D:5      | Reached XP level 7. HP: 28/62 MP: 7/7
  6665 | D:5      | Found a blossoming altar of Fedhas.
  7038 | D:5      | Found a glowing silver altar of Zin.
  7047 | D:5      | Found a hide-covered altar of Uskayaw.
  7351 | D:4      | Gained mutation: Your spells are a little harder to cast,
                  | but a little more powerful. [potion of mutation]
  7351 | D:4      | Gained mutation: Your tail ends in a poisonous barb.
                  | [potion of mutation]
  7351 | D:4      | Gained mutation: You can roll at foes to attack. [potion of
                  | mutation]
  7351 | D:4      | Gained mutation: Your flesh is heat resistant. (rF+)
                  | [potion of mutation]
  7360 | D:5      | Reached * piety under Okawaru
  8135 | D:6      | Found a shimmering altar of Xom.
  8343 | D:6      | Found a radiant altar of Vehumet.
  8343 | D:6      | Found a faded altar of an unknown god.
  8350 | D:6      | Found a glowing golden altar of the Shining One.
  8356 | D:6      | Reached skill level 1 in Stealth
  8373 | D:6      | Found a bloodstained altar of Trog.
  8375 | D:6      | Found a faded altar of an unknown god.
  8456 | D:6      | Reached XP level 8. HP: 51/71 MP: 8/8
  9006 | D:6      | Reached skill level 6 in Axes
  9024 | D:6      | Reached skill level 1 in Invocations
  9026 | D:6      | Mangled by an orc warrior

Illustrated notes

Levels and vault maps discovered:
D:1:      dpeg_arrival_houses_and_road, layout_rooms,
          nemelex_xobeh_ov_fountains_minmay
D:2:      layout_basic
D:3:      layout_basic, lemuel_doored_altar, chequers_ecumenical_altar_lobes,
          ebering_ghost_reflecting_pool, guppyfry_early_orc_mine
D:4:      layout_layer_cave, kennysheep_little_box, minmay_temple_entry_mist,
          hex_medium
D:5:      layout_basic, zin_statuary, basic_altar, fedhas_altar_2
D:6:      minmay_bubble_buster, layout_basic,
          chequers_temple_overflow_minitemple, basic_altar
D:7:      layout_rooms, minmay_overflow_temple_star_quad
Temple:   dshaligram_water_room_temple

Skill      XL: |  1  2  3  4  5  6  7  8 |
---------------+-------------------------+-----
Axes           | 3 4 5 6 |  6.1
Armour         | 3 4 |  4.3
Dodging        | 1 2 |  2.4
Shields        | 3 |  3.8
Fighting       | 4 |  4.4
Stealth        | 1 |  1.2
Invocations    | 1 |  1.0
Evocations     | |  0.7

Action                   |  1- 3 |  4- 6 |  7- 9 || total
-------------------------+-------+-------+-------++-------
Melee: War axe           |   128 |   254 |    43 ||   425
       Tailslap          |    14 |    21 |    11 ||    46
       Hand axe          |       |       |    61 ||    61
Throw: Boomerang         |       |     4 |       ||     4
       Dart              |       |       |     1 ||     1
Invok: Heroism           |       |       |     1 ||     1
 Abil: Rolling Charge    |    25 |    21 |     8 ||    54
  Use: Scroll            |     2 |       |     1 ||     3
       Potion            |     1 |     3 |     6 ||    10
Armor: Scale mail        |    63 |   113 |    48 ||   224
Dodge: Dodged            |    30 |    85 |    30 ||   145
Block: Kite shield       |    68 |   158 |    57 ||   283
